 Dungeon Crawl Stone Soup version 0.20-a0-214-gb74cb0e (webtiles) character file.

98 KristoblXynda the Charmwright (level 4, 0/36 HPs)
             Began as a Draconian Skald on Nov 27, 2016.
             Slain by Protee's ghost (2 damage)
             ... on level 3 of the Dungeon.
             The game lasted 00:05:56 (3111 turns).

KristoblXynda the Charmwright (Draconian Skald)     Turns: 3111, Time: 00:05:57

Health: 0/36       AC:  5    Str: 14    XL:     4   Next: 44%
Magic:  1/7        EV: 11    Int: 13    God:
Gold:   120        SH:  0    Dex: 11    Spells: 0/7 levels left

rFire  + . .     SeeInvis .       - Unarmed
rCold  + . .     Gourm    .     (armour unavailable)
rNeg   . . .     Faith    .     (no shield)
rPois  +         Spirit   .     (helmet restricted)
rElec  +         Reflect  .     (no cloak)
rCorr  +         Harm     .     (no gloves)
MR     .....                    (no boots)
Stlth  +.........               (no amulet)
                                (no ring)
                                (no ring)

@: resistant, flying, very slightly contaminated, heavily drained
A: unfitting armour, cold-blooded, AC +5
a: no special abilities


You were on level 3 of the Dungeon.
You were hungry.

You visited 1 branch of the dungeon, and saw 3 of its levels.

You collected 120 gold pieces.

Inventory:

Scrolls
 d - a scroll of magic mapping {unknown}
 g - a scroll of recharging
 j - 2 scrolls of remove curse {unknown}
 k - 2 scrolls of teleportation {unknown}
Books
 a - a book of Battle

   Spells                             Type                      Level
   a - Infusion                       Charms                       1
   b - Shroud of Golubria             Charms/Translocation         2
   c - Song of Slaying                Charms                       2
   d - Spectral Weapon                Hexes/Charms                 3
   e - Regeneration                   Charms/Necromancy            3
Comestibles
 b - a bread ration
 m - 3 fruits


   Skills:
 - Level 2.1(0.6) Fighting
 + Level 2.4(0.8) Dodging
 + Level 3.2(1.6) Unarmed Combat
 - Level 2.0(0.4) Spellcasting
 + Level 3.5(1.8) Charms


You couldn't memorise any spells.
You knew the following spells:

 Your Spells              Type           Power        Failure   Level  Hunger
a - Infusion              Chrm           #...         14%         1    ##.....
b - Regeneration          Chrm/Necr      #.........   65%         3    ####...
c - Spectral Weapon       Hex/Chrm       #.......     65%         3    ####...


Dungeon Overview and Level Annotations

Branches:
Dungeon (3/15)

Altars:
Qazlal
The Shining One

Annotations:
D:3 Protee's ghost, amateur DsSk


Innate Abilities, Weirdness & Mutations

Your plain brown scales are hard. (AC +5)
You cannot fit into any form of body armour.
You are cold-blooded and may be slowed by cold attacks.


Message History

You tail-slap Protee's ghost, but do no damage.
Protee's ghost is severely damaged.
Protee's ghost hits you!
* * * LOW HITPOINT WARNING * * *
You closely miss Protee's ghost.
Protee's ghost is severely damaged.
Protee's ghost hits you!
* * * LOW HITPOINT WARNING * * *
You hit Protee's ghost but do no damage.
You tail-slap Protee's ghost.
Protee's ghost is severely damaged.
Protee's ghost closely misses you.
You hit Protee's ghost but do no damage.
Protee's ghost is severely damaged.
You are no longer magically infusing your attacks.
Protee's ghost closely misses you.
You closely miss Protee's ghost.
Protee's ghost is severely damaged.
Protee's ghost hits you.
You die...

#........#.. ....K...
#........#.# #.......
#........#.# #...... ...
#....W...#.#+#..... ...
#.##.....#......# ..#
#.#......#......## #.#
#.#.......W......# #.#
#.#############..# ..#####
.......@Wo......#
......###############.#...#
.......... ...........
....#.### #.##.........#
..#.# # #.........#
..#........ #..........
..#.#.##.#. ...........
..#.#.# ##..........
......#


You could see Protee's ghost and an orc.

Vanquished Creatures
  2 adders (D:2)
  A worm (D:2)
  3 dart slugs
  3 leopard geckos
  8 orcs (D:3)
  6 bats
  6 goblins
  10 hobgoblins
  2 jackals (D:2)
  A quokka (D:2)
  2 ball pythons
  2 frilled lizards
  8 kobolds
  6 rats
60 creatures vanquished.

Notes
Turn   | Place    | Note
-------+----------+-------------------------------------------
     0 | D:1      | KristoblXynda the Draconian Skald began the quest for the Orb.
     0 | D:1      | Reached XP level 1. HP: 17/17 MP: 3/3
   257 | D:1      | Found a glowing golden altar of the Shining One.
   373 | D:1      | Reached XP level 2. HP: 24/24 MP: 5/5
  1279 | D:2      | Reached XP level 3. HP: 26/29 MP: 6/6
  1732 | D:2      | Found a stormy altar of Qazlal.
  1746 | D:2      | Noticed an air elemental
  1746 | D:2      | Noticed a water elemental
  1747 | D:2      | Noticed an earth elemental
  1747 | D:2      | Noticed a fire elemental
  2247 | D:2      | Learned a level 3 spell: Regeneration
  2257 | D:2      | Reached XP level 4. HP: 30/36 MP: 3/7
  2881 | D:3      | Learned a level 3 spell: Spectral Weapon
  3015 | D:3      | Noticed Protee's ghost (amateur DsSk)
  3108 | D:3      | HP: 1/36 [Protee's ghost (7)]
  3111 | D:3      | Slain by Protee's ghost

Vault maps used:
D:1:      mrwooster_arrival_statue_2, tso_altar
D:2:      nicolae_qazlal_style_of_elements
D:3:      nicolae_overflow_hidden_temple, bloody_trog,
          nemelex_spade_bored_becter, uniq_iyjb

Skill      XL: |  1  2  3 |
---------------+----------+-----
Charms         | 3 |  3.5
Dodging        | 2 |  2.4
Unarmed Combat | 3 |  3.2
Fighting       | |  2.1
Spellcasting   | |  2.0

Action                   |  1- 3 |  4- 6 || total
-------------------------+-------+-------++-------
Melee: Unarmed           |   160 |   121 ||   281
       Tailslap          |    16 |    10 ||    26
       Punch             |     1 |       ||     1
 Cast: Infusion          |     2 |     4 ||     6
  Use: Potion            |       |     6 ||     6
       Scroll            |       |     4 ||     4
 Stab: Invisible         |       |     7 ||     7
  Eat: Chunk             |     4 |     2 ||     6
       Fruit             |       |     1 ||     1
Armor: Skin              |    68 |    16 ||    84
Dodge: Dodged            |   108 |    73 ||   181
